 Dungeon Crawl Stone Soup version 0.21-a0-513-gdcb3f5e (webtiles) character file.

5 mortelune the Grave Robber (level 1, -2/15 HPs)
             Began as a Deep Dwarf Necromancer on Dec 2, 2017.
             Slain by a hobgoblin
             ... wielding a +0 club
              (3 damage)
             ... on level 1 of the Dungeon.
             The game lasted 00:01:49 (37 turns).

mortelune the Grave Robber (Deep Dwarf Necromancer)   Turns: 37, Time: 00:01:50

Health: -2/15      AC:  2    Str: 11    XL:     1   Next: 66%
Magic:  1/3        EV: 12    Int: 15    God:
Gold:   0          SH:  0    Dex: 13    Spells: 1/3 levels left

rFire    . . .     SeeInvis .   (no weapon)
rCold    . . .     Gourm    .   (no shield)
rNeg     . . .     Faith    .   a - +0 robe
rPois    .         Spirit   .   (no helmet)
rElec    .         Reflect  .   (no cloak)
rCorr    .         Harm     .   (no gloves)
MR       .....                  (no boots)
Stlth    +.........             (no amulet)
HPRegen  0.00/turn              (no ring)
MPRegen  0.08/turn              (no ring)

@: non-regenerating, very slow
A: damage resistance, heal wounds, sense surroundings 1, no regeneration
a: Heal Wounds


You were on level 1 of the Dungeon.
You were not hungry.

You visited 1 branch of the dungeon, and saw 1 of its levels.

Inventory:

Armour
 a - a +0 robe (worn)
Books
 b - a book of Necromancy

   Spells                             Type                      Level
   a - Pain                           Necromancy                   1
   b - Animate Skeleton               Necromancy                   1
   c - Vampiric Draining              Necromancy                   3
   d - Regeneration                   Charms/Necromancy            3
   e - Animate Dead                   Necromancy                   4
   f - Control Undead                 Necromancy                   4
Comestibles
 c - a bread ration


   Skills:
 + Level 2.3 Dodging
 + Level 2.6 Stealth
 + Level 1.9 Spellcasting
 + Level 4.4 Necromancy


You had one spell level left.
You knew the following spells:

 Your Spells              Type           Power        Failure   Level  Hunger
a - Pain                  Necr           ##..         3%          1    ##.....
b - Animate Skeleton      Necr           N/A          3%          1    ##.....


Dungeon Overview and Level Annotations

Branches:
Dungeon (1/15)

Altars:


Innate Abilities, Weirdness & Mutations

You are resistant to damage.
You can heal yourself by infusing magical energy.
You passively map a small area around you.
You do not regenerate.


Message History

You hit the jackal.
The jackal is heavily wounded.
The jackal bites you. The hobgoblin barely misses you.
The hobgoblin hits you but does no damage.
The jackal bites you but does no damage.
You hit the jackal.
You kill the jackal!
The kobold throws a stone.
The stone closely misses you. The hobgoblin hits you with a club.
* * * LOW HITPOINT WARNING * * *
The hobgoblin closely misses you. The hobgoblin misses you.
The hobgoblin barely misses you.
You see here a jackal corpse.
You enter the shallow water.
Moving in this stuff is going to be slow.
The kobold splashes around in the water.
The hobgoblin hits you but does no damage.
The hobgoblin hits you with a club. The kobold misses you.
The hobgoblin hits you with a club.
You die...

#............
* #..........#
* *
#........†.# *
#.........# #
#........## *
≈≈##.......# ,
*≈≈≈≈≈≈≈≈..##
* , *
#≈≈≈≈≈≈≈K≈≈###
#####..@≈≈≈≈≈#
, #.g†g#≈≈≈#*
* ##...###≈#
#..## ## #<##
* ###


You could see 2 hobgoblins and a kobold.

Vanquished Creatures
  4 jackals (D:1)
4 creatures vanquished.

Notes
Turn   | Place    | Note
-------+----------+-------------------------------------------
     0 | D:1      | mortelune the Deep Dwarf Necromancer began the quest for the Orb.
     0 | D:1      | Reached XP level 1. HP: 15/15 MP: 3/3
    13 | D:1      | Learned a level 1 spell: Animate Skeleton
    37 | D:1      | Slain by a hobgoblin

Vault maps used:
D:1:      eino_arrival_cavern_b, serial_forest, infiniplex_forest_lined_room_3,
          infiniplex_forest_end_3, infiniplex_forest_end_2,
          infiniplex_forest_clump_long, infiniplex_forest_zigzag_1,
          infiniplex_forest_lined_room_3, minmay_misc_feat_diagonals,
          minmay_small_reverse_x

Action                   || total
-------------------------++-------
Melee: Unarmed           ||    14
 Cast: Pain              ||     4
Armor: Robe              ||     6
Dodge: Dodged            ||    21

Table legend:
 A = Spawn XP
 B = Non-spawn XP
 C = Spawn XP percentage of total XP
 D = Spawn monster count
 E = Non-spawn monster count
 F = Spawn count percentage of total count
 G = Total turns spent on level
                    A         B        C        D         E        F      G
               +---------+---------+-------+---------+---------+-------+---------
         Total |       0 |       8 |   0.0 |       0 |       4 |   0.0 |    37
               +---------+---------+-------+---------+---------+-------+---------
           D:1 |       0 |       8 |   0.0 |       0 |       4 |   0.0 |    37
               +---------+---------+-------+---------+---------+-------+---------
